 Dungeon Crawl Stone Soup version 0.26-a0-757-g626ac9e51a (webtiles) character file.

Game seed: 11138410683535852318

7 miscthings the Sneak (level 1, -3/20 HPs)
             Began as a Palentonga Delver on Nov 8, 2020.
             Slain by a white imp (4 damage)
             ... on level 5 of the Dungeon.
             The game lasted 00:00:24 (91 turns).

miscthings the Sneak (Palentonga Delver)              Turns: 91, Time: 00:00:25

Health: -3/20      AC:  4    Str: 15    XL:     1   Next: 91%
Magic:  1/1        EV:  9    Int: 10    God:
Gold:   34         SH:  0    Dex: 11    Spells: 0/0 levels left

rFire    + . .     SeeInvis +   a - +0 hand axe
rCold    . . .     Faith    .   (no shield)
rNeg     . . .     Spirit   .   b - +0 leather armour
rPois    .         Reflect  .   (no helmet)
rElec    .         Harm     .   (no cloak)
rCorr    .         Rampage  .   (no gloves)
MR       .....                  (no barding)
Stlth    ++........             (no amulet)
HPRegen  0.06/turn              i - ring of protection from fire
MPRegen  0.07/turn              (no ring)

@: no status effects
A: large, rugged brown scales 3, see invisible, deformed body, roll, armoured
tail
a: Rolling Charge


You were on level 5 of the Dungeon.
You visited 1 branch of the dungeon, and saw 1 of its levels.

You collected 34 gold pieces.

Inventory:

Hand Weapons
 a - a +0 hand axe (weapon)
Armour
 b - a +0 leather armour (worn)
Jewellery
 i - a ring of protection from fire (left hand)
Wands
 g - a wand of digging (3)
Scrolls
 c - a scroll of fog
 d - a scroll of magic mapping
Potions
 f - a potion of haste
 h - a potion of might {unknown}


   Skills:
 + Level 3.0 Fighting
 + Level 2.0 Axes
 + Level 0.4 Armour
 + Level 1.9 Dodging
 + Level 3.4 Stealth


You couldn't memorise any spells.
You didn't know any spells.
Your spell library was empty.

Dungeon Overview and Level Annotations

Branches:
Dungeon (5/15)
 Temple: D:4-7

Altars:
Ashenzari


Innate Abilities, Weirdness & Mutations

You are completely covered in rugged brown scales. (AC +3, +7% HP)
You have supernaturally acute eyesight. (SInv)
Armour fits poorly on your strangely shaped body.
You can roll at foes to attack.
You have a long armoured tail.


Message History

The orc is lightly wounded.
The orc hits you but does no damage.
You hit the orc.
You kill the orc!
The white imp gestures at you. The puff of frost hits you!
* * * LOW HITPOINT WARNING * * *
The white imp hits you but does no damage.
Things that are here:
a +0 hand axe; a giant cockroach corpse You closely miss the white imp.
The white imp hits you.
* * * LOW HITPOINT WARNING * * *
The white imp freezes you.
* * * LOW HITPOINT WARNING * * *
As you read the scroll of fear, it crumbles to dust.
You assume a fearsome visage.
The white imp is unaffected.
The ogre looks frightened!
The white imp hits you.
* * * LOW HITPOINT WARNING * * *
The white imp freezes you.
You die...

### # #.> . .### #.# #.###5
.... #.# #.##.# .... #.#
#.##.# # ....##.# #.##.###.#
_......# ####.##....# ..
#...# #.@5O.....## .# #...##
#(####.........
.###....#######.####.##.##.#.
...................#.# .# #
......#.#######.##.#.# .#
......#.# #.# #.# .#
#..####(# #... ..# .#
#..####.# #... ... #.......#
#.##.


You could see an ogre (fleeing) and a white imp.

Vanquished Creatures
  2 leopard geckos (D:5)
  An orc (D:5)
  A giant cockroach (D:5)
4 creatures vanquished.

Notes
Turn   | Place    | Note
-------+----------+-------------------------------------------
     0 | D:5      | miscthings the Palentonga Delver began the quest for the
                  | Orb.
     0 | D:5      | Reached XP level 1. HP: 20/20 MP: 1/1
    40 | D:5      | Found a broken altar of Ashenzari.
    68 | D:5      | Noticed an ogre
    91 | D:5      | HP: 1/20 [white imp (2)]
    91 | D:5      | Slain by a white imp

Illustrated notes

Levels and vault maps discovered:
D:5:      layout_loops_cross, nicolae_overflow_crystal_walls,
          minmay_temple_entry_glass, gammafunk_ghost_hive, uniq_duvessa,
          uniq_edmund

Action                   || total
-------------------------++-------
Melee: Hand axe          ||    16
       Tailslap          ||     1
 Abil: Rolling Charge    ||     1
  Use: Scroll            ||     1
Armor: Leather armour    ||    12
Dodge: Dodged            ||     5

Table legend: (Time is in decaauts)
 A = Elapsed time spent in this place.
 B = Non-inter-level travel time spent in this place.
 C = Inter-level travel time spent in this place.
 D = Time resting spent in this place.
 E = Time spent auto-exploring this place.
 F = Levels seen in this place.
 G = Mean time per level.
                   A        B        C        D        E       F      G
               +--------+--------+--------+--------+--------+-----+--------+
         Total |     93 |     93 |      0 |      0 |     35 |   1 |   93.0 |
       Dungeon |     93 |     93 |      0 |      0 |     35 |   1 |   93.0 |
               +--------+--------+--------+--------+--------+-----+--------+

Top non-repeatable levels by time:
     D:5: 93 daAuts
